 Dungeon Crawl Stone Soup version 0.29.1-15-g9cfb28693d (webtiles) character file.

Game seed: 13638919045005188993

59 H0rd4k the Charlatan (level 4, -3/30 HPs)
             Began as an Octopode Artificer on Apr 5, 2023.
             Slain by a goblin
             ... wielding a +0 dagger
             ... led by Robin
              (4 damage)
             ... on level 2 of the Dungeon.
             The game lasted 00:01:27 (1292 turns).

H0rd4k the Charlatan (Octopode Artificer)           Turns: 1292, Time: 00:01:29

Health: -3/30      AC:  1    Str: 11    XL:     4   Next: 3%
Magic:  6/6        EV: 13    Int: 15    God:
Gold:   103        SH:  0    Dex: 12    Spells: 6/6 levels left

rFire   . . .      SeeInvis .   e - +2 whip (drain)
rCold   . . .      Faith    .   (no shield)
rNeg    . . .      Spirit   .   (helmet restricted)
rPois   .          Reflect  .   (no amulet)
rElec   .          Harm     .   (no ring)
rCorr   .          Rampage  .   (no ring)
Will    .....                   (no ring)
Stlth   +++.......              (no ring)
HPRegen 0.10/turn               (no ring)
MPRegen 0.10/turn               (no ring)
                                (no ring)
                                (no ring)

@: no status effects
A: almost no armour, amphibious, 8 rings, camouflage 1, gelatinous body 1,
(nimble swimmer 1), tentacles
a: no special abilities


You were on level 2 of the Dungeon.
You visited 1 branch of the dungeon, and saw 2 of its levels.

You collected 103 gold pieces.

Inventory:

Hand Weapons
 e - a +2 whip of draining (weapon)
Missiles
 k - 4 poisoned darts
Wands
 b - a wand of flame (15) (quivered)
 c - a wand of charming (15)
 d - a wand of iceblast (5)
Scrolls
 a - a scroll of teleportation {unknown}
 f - a scroll of enchant armour {unknown}
 g - a scroll of amnesia {unknown}
 h - 3 scrolls of fear {unknown}
 l - a scroll of brand weapon {unknown}
 m - a scroll of immolation {unknown}
 n - a scroll of vulnerability {unknown}
Potions
 i - a potion of cancellation {unknown}
 j - a potion of mutation {unknown}


   Skills:
 * Level 2.3 Fighting
 + Level 0.1 Maces & Flails
 + Level 2.5 Dodging
 - Level 1.3 Stealth
 + Level 0.9 Unarmed Combat
 * Level 1.8 Spellcasting
 - Level 3.2 Evocations


You had 6 spell levels left.
You didn't know any spells.
Your spell library was empty.

Dungeon Overview and Level Annotations

Branches:
Dungeon (2/15)

Altars:

Shops:
D:2 ?**[

Annotations:
D:2 Robin


Innate Abilities, Weirdness & Mutations

You cannot wear most types of armour.
You are amphibious.
You can wear up to eight rings at the same time.
Your skin changes colour to match your surroundings (Stealth+).
Your rubbery body absorbs attacks. (AC +1, EV +1)
((You are camouflaged when in or above water. (Stealth+)))
You have tentacles for arms and can constrict up to eight enemies at once.


Message History

Robin says, "My army is invincible!"
A hobgoblin comes into view.
A goblin comes into view. It is wielding a +0 club.
There are monsters nearby!
Robin throws the goblin at you!
You barely miss the goblin. You grab the goblin. You squeeze the goblin.
You kill the goblin!
Robin roars a battlecry!
The goblins go into a battle-frenzy!
You hear a shout!
Robin throws the goblin at you! The goblin barely misses you.
You hit the goblin. You drain the goblin.
You kill the goblin!
The hobgoblin hits you. The goblin misses you.
Found a notched jade ring.
Things that are here:
a +0 club; a goblin corpse You hit the hobgoblin.
You drain the hobgoblin.
You kill the hobgoblin!
You have reached level 4!
You barely miss the goblin. Your grab misses the goblin.
The goblin hits you with a +0 dagger. Robin throws the goblin at you!
The goblin hits you with a +0 club.
* * * LOW HITPOINT WARNING * * *
A goblin comes into view. It is wielding a +0 club.
You closely miss the goblin. Your grab misses the goblin.
The goblin barely misses you. The goblin closely misses you.
You hit the goblin.
You kill the goblin!
The goblin misses you. The goblin barely misses you.
You closely miss the goblin. Your grab misses the goblin.
Your squeeze misses the goblin. The goblin hits you with a +0 dagger.
* * * LOW HITPOINT WARNING * * *
You barely miss the goblin. You grab the goblin. You constrict the goblin.
The goblin no longer looks unusually strong.
A goblin comes into view. It is wielding a +0 club.
Robin throws the goblin at you!
* * * LOW HITPOINT WARNING * * *
The goblin hits you with a +0 dagger.
You die...

..=.... .........# .##
..........###... ..
.............#.. .#
#........##...##.# # #........#
#...#.##.# .
##...g...g####..#....# .
.........ggg@g........ ...
##........####.#.### #.#.
......†............## #.#.
....................### ...
..#######.............####.#
#..........##...##.## #####
#∩.........#.........
..(..#######..........#.###....#
#...................#........#


You could see Robin, a hobgoblin (strong) and 4 goblins.

Vanquished Creatures
  An adder (D:2)
  A dart slug (D:1)
  4 ball pythons
  4 endoplasms (D:1)
  2 giant cockroaches (D:1)
  6 goblins
  4 hobgoblins
  3 quokkas
  6 bats
  2 frilled lizards
  4 kobolds
  8 rats
45 creatures vanquished.

Notes
Turn   | Place    | Note
-------+----------+-------------------------------------------
     0 | D:1      | H0rd4k the Octopode Artificer began the quest for the Orb.
     0 | D:1      | Reached XP level 1. HP: 13/13 MP: 1/1
   337 | D:1      | Reached XP level 2. HP: 17/18 MP: 3/3
   366 | D:1      | Reached skill level 1 in Spellcasting
   452 | D:1      | Found a faded altar of an unknown god.
   661 | D:1      | Reached XP level 3. HP: 23/24 MP: 5/5
  1013 | D:2      | Found Angayxtysea's Armour Boutique.
  1056 | D:2      | Found Ikhliy's General Store.
  1084 | D:2      | Found Atrerho's Assorted Antiques.
  1211 | D:2      | Found Zotiops's Magic Scroll Shoppe.
  1276 | D:2      | Noticed Robin
  1288 | D:2      | Reached XP level 4. HP: 15/30 MP: 6/6
  1292 | D:2      | HP: 1/30 [Robin/goblin (2)]
  1292 | D:2      | Slain by a goblin

Illustrated notes

Levels and vault maps discovered:
D:1:      dpeg_arrival_fog, layout_rooms, shapermc_ecumenical_altar_mp_highgroup
D:2:      layout_basic, serial_shops, nicolae_square_shop, shop, shop,
          nicolae_square_shop, nicolae_diamond_shop, uniq_robin

Skill      XL: |  1  2  3 |
---------------+----------+-----
Spellcasting   | 1 |  1.8
Fighting       | 2 |  2.3
Maces & Flails | |  0.1
Dodging        | |  2.5
Stealth        | |  1.3
Unarmed Combat | |  0.9
Evocations     | |  3.2

Action                   |  1- 3 |  4- 6 || total
-------------------------+-------+-------++-------
Melee: Unarmed           |    23 |       ||    23
       Constrict         |    19 |     1 ||    20
       Tentacles         |    14 |       ||    14
       Whip              |    52 |     5 ||    57
       Punch             |     2 |       ||     2
 Stab: Sleeping          |    12 |       ||    12
Armor: Skin              |    10 |       ||    10
Dodge: Dodged            |    43 |     4 ||    47
